 Dungeon Crawl Stone Soup version 0.17-a0-1650-gce8475a (webtiles) character file.

2331 karlkraus the Covered (level 9, 0/78 HPs)
             Began as a Minotaur Fighter on Aug 13, 2015.
             Was a Follower of Ru.
             Slain by a sky beast (2 damage)
             ... on level 8 of the Dungeon.
             The game lasted 00:12:41 (5083 turns).

karlkraus the Covered (Minotaur Fighter)            Turns: 5083, Time: 00:12:41

Health: 0/78       AC: 10    Str: 24    XL:     9   Next: 19%
Magic:  7/7        EV: 11    Int:  9    God:    Ru [*.....]
Gold:   152        SH: 12    Dex: 13    Spells: 0 memorised, 8 levels left

rFire  + . .     SeeInvis .     u - +2 flail (holy)
rCold  . . .     Clarity  .     b - +0 scale mail
rNeg   + . .     SustAt   .     c - +1 shield
rPois  +         Gourm    .     (helmet restricted)
rElec  .         Spirit   .     j - +0 cloak
rCorr  .         Warding  .     A - +0 pair of gloves
rMut   .         Stasis   .     (no boots)
MR     +....                    (no amulet)
Stlth  ..........               s - ring "Ilujajis" {rPois Str+3}
                                B - ring of Zeeb {*Corrode rF+ rN+ MR+ Int+4}

@: somewhat resistant to hostile enchantments, extremely unstealthy
A: retaliatory headbutt, horns 2, low mp 1, no device heal 1
a: Renounce Religion


You were on level 8 of the Dungeon.
You worshipped Ru.
Ru was aware of your devotion.
You were hungry.

You visited 1 branch of the dungeon, and saw 8 of its levels.

You collected 299 gold pieces.
You spent 147 gold pieces at shops.

Inventory:

Hand weapons
 u - a +2 flail of holy wrath (weapon)
Armour
 b - a +0 scale mail (worn)
 c - a +1 shield (worn)
 j - a +0 cloak (worn)
 A - a +0 pair of gloves (worn)
Jewellery
 n - a +1 ring of protection
 s - the ring "Ilujajis" (right hand) {rPois Str+3}
   (You found it on level 4 of the Dungeon)

   [ring of strength]

   It affects your strength (+3).
   It protects you from poison.
 B - the ring of Zeeb (left hand) {*Corrode rF+ rN+ MR+ Int+4}
   (You found it on level 6 of the Dungeon)

   [ring of positive energy]

   It affects your intelligence (+4).
   It protects you from fire.
   It protects you from negative energy.
   It affects your resistance to hostile enchantments.
   It may corrode your equipment when you take damage.
Magical devices
 h - a wand of flame (35)
Scrolls
 a - a scroll of fog
 f - 2 scrolls of identify
 g - a scroll of enchant weapon
 p - a scroll of magic mapping
 q - 5 scrolls of remove curse
Potions
 d - 3 potions of might
 i - 2 potions of flight
 m - a potion of haste
 x - 2 potions of agility
Comestibles
 e - 2 bread rations
 k - a beef jerky


   Skills:
 + Level 6.9 Fighting
 + Level 7.3 Maces & Flails
 + Level 7.6 Armour
 + Level 5.7 Dodging
 + Level 1.5 Stealth
 + Level 7.5 Shields


You had 8 spell levels left.
You didn't know any spells.

Dungeon Overview and Level Annotations

Branches:
Dungeon (8/15)             Temple (0/1) D:7
   Lair: D:8-11

Altars:
Cheibriados
Fedhas
Qazlal
Ru
Vehumet
Xom

Shops:
D:4 :   D:7 (*:?

Annotations:
D:2 Natasha


Innate Abilities, Weirdness & Mutations

You reflexively headbutt those who attack you in melee.
You have a pair of horns on your head.
Your magical capacity is low (-10% MP).
Potions and wands are less effective at restoring your health.


Message History

Your shield and scale mail prevent you from hitting the ogre.
You headbutt the ogre!
The ogre is severely wounded.
The ogre hits you with a giant spiked club!
* * * LOW HITPOINT WARNING * * *
Your shield prevents you from hitting the ogre.
You headbutt the ogre.
The ogre is severely wounded.
You feel sick. You block the ogre's attack.
Drink which item? (? for menu, Esc to quit)
Okay, then.
You hit the ogre. You headbutt the ogre.
You kill the ogre!
You miss something. Your headbutt misses something. You block its attack.
You hit something.
You feel sick.
You are no longer poisoned.
Something hits you but does no damage.
Your scale mail prevents you from hitting something.
Something hits you.
You die...

##...# ###....
#...(. #....####
#.......# #[...##.#
#....##.# ##.##
#....##.####.....#
###..>...[@)........
#.....###.##.......$
#.##......##.......#
#.##.#######......O#
#..#.. #......%.
##.#### #.....=.#
#.# #.......# #.#
#.####### #<#


There were no monsters in sight!

Vanquished Creatures
  Joseph (D:7)
  A wyvern (D:8)
  An ice beast (D:5)
  A black bear (D:6)
  A phantom (D:7)
  3 centaurs
  A necrophage (D:7)
  3 ogres
  Blork the orc (D:6)
  A giant frog (D:7)
  2 scorpions
  6 killer bees (D:8)
  A jelly (D:6)
  An orc priest (D:5)
  A hound (D:6)
  A giant frog skeleton (D:4)
  4 worker ants
  2 orc wizards
  A hound skeleton (D:4)
  3 gnolls (D:3)
  8 adders
  3 oozes
  6 worms
  An adder skeleton (D:4)
  An adder zombie (D:8)
  7 giant geckos
  8 orcs
  6 bats
  4 giant cockroaches
  7 goblins
  3 hobgoblins
  7 jackals
  4 quokkas
  3 ball pythons
  13 giant newts
  5 kobolds
  A quokka skeleton (D:5)
  8 rats
131 creatures vanquished.

Notes
Turn   | Place    | Note
--------------------------------------------------------------
     0 | D:1      | karlkraus the Minotaur Fighter began the quest for the Orb.
     0 | D:1      | Reached XP level 1. HP: 19/19 MP: 0/0
    86 | D:1      | Reached XP level 2. HP: 16/27 MP: 1/1
   102 | D:1      | Reached skill level 4 in Shields
   458 | D:1      | Reached XP level 3. HP: 29/33 MP: 2/2
   861 | D:2      | Reached XP level 4. HP: 41/41 MP: 3/3
   899 | D:2      | Reached skill level 1 in Dodging
   918 | D:2      | Noticed Natasha
   949 | D:2      | HP: 2/41 [white imp/puff of frost[Natasha] (10)]
  1010 | D:2      | Found a radiant altar of Vehumet.
  1014 | D:2      | Found a sacrificial altar of Ru.
  1024 | D:2      | Became a worshipper of Ru the Awakened
  1142 | D:2      | Found a shimmering altar of Xom.
  1294 | D:3      | Reached skill level 5 in Shields
  1478 | D:3      | Reached XP level 5. HP: 47/47 MP: 4/4
  1506 | D:3      | Found a snail-covered altar of Cheibriados.
  2107 | D:4      | Gained mutation: Your magical capacity is low (-10% MP). [Ru sacrifice]
  2220 | D:4      | Identified Usounnoi's Reference Book on Mutagenic Stones
  2321 | D:4      | Found Libriw's Book Emporium.
  2594 | D:4      | Got a vibrating granite ring
  2711 | D:4      | Reached XP level 6. HP: 53/53 MP: 4/4
  3050 | D:5      | Entered Level 5 of the Dungeon
  3485 | D:5      | Found a blossoming altar of Fedhas.
  3513 | D:5      | Reached skill level 5 in Fighting
  3513 | D:5      | Reached skill level 5 in Armour
  3582 | D:5      | Reached XP level 7. HP: 59/61 MP: 5/5
  3816 | D:5      | Reached skill level 1 in Stealth
  3821 | D:5      | Found a stormy altar of Qazlal.
  3844 | D:6      | Noticed Blork the orc
  3849 | D:6      | Reached skill level 6 in Shields
  3855 | D:6      | Killed Blork the orc
  4051 | D:6      | Got a sparkling silver ring
  4052 | D:6      | Identified the ring "Ilujajis" {rPois Str+3} (You found it on level 4 of the Dungeon)
  4054 | D:6      | Identified the ring of Zeeb {*Corrode rF+ rN+ MR+ Int+4} (You found it on level 6 of the Dungeon)
  4087 | D:6      | Reached skill level 5 in Maces & Flails
  4196 | D:6      | Reached XP level 8. HP: 53/70 MP: 6/6
  4388 | D:7      | Found Goloikai's General Store.
  4389 | D:7      | Found Qasusm's Weapon Shop.
  4428 | D:7      | Gained mutation: Potions and wands are less effective at restoring your health. [Ru sacrifice]
  4428 | D:7      | Acquired Ru's first power
  4436 | D:7      | Noticed Joseph
  4450 | D:7      | Killed Joseph
  4450 | D:7      | Reached skill level 5 in Dodging
  4514 | D:7      | Found Socsoi's Magic Scroll Boutique.
  4521 | D:7      | Bought a scroll of noise for 14 gold pieces
  4521 | D:7      | Bought a scroll of identify for 28 gold pieces
  4521 | D:7      | Bought a scroll of enchant weapon for 105 gold pieces
  4619 | D:7      | Found a staircase to the Ecumenical Temple.
  4629 | D:7      | Reached skill level 7 in Armour
  4920 | D:7      | Found Rekh's Book Emporium.
  5033 | D:8      | Reached XP level 9. HP: 40/78 MP: 7/7
  5078 | D:8      | HP: 3/78 [ogre/giant spiked club (17)]
  5083 | D:8      | Slain by a sky beast

Vault maps used:
D:1:      lemuel_arrival_hallway, minmay_newt_pond
D:2:      xom_butterflies, minitemple, uniq_natasha
D:3:      lemuel_crystal_altar, first_bread
D:4:      serial_shops, shop
D:5:      fedhas_bush_and_centaur_altar, kennysheep_mini
D:6:      uniq_blork_the_orc
D:7:      minmay_temple_entry_enclosed_plants, serial_shops, shop, shop,
          shop_scrolls, nicolae_shop_temple_entry_statues_fountains, uniq_joseph

Action                   |  1- 3 |  4- 6 |  7- 9 || total
-------------------------+-------+-------+-------++-------
Melee: Flail             |   124 |   149 |   144 ||   417
Invok: Sacrifice Essence |       |     1 |       ||     1
       Sacrifice Purity  |       |       |     1 ||     1
  Use: Potion            |       |     2 |     2 ||     4
       Scroll            |       |     8 |     6 ||    14
  Eat: Chunk             |       |     4 |     3 ||     7
       Bread ration      |       |     1 |       ||     1
       Pizza             |       |       |     1 ||     1
